 Dungeon Crawl Stone Soup version 0.20.1-1-g8b1a95d (console) character file.

33 hilaritas the Bolt Thrower (level 3, -2/28 HPs)
             Began as a Barachi Hunter on Dec 17, 2017.
             Slain by a gnoll
             ... wielding a +0 spear
              (8 damage)
             ... on level 2 of the Dungeon.
             The game lasted 00:02:18 (1030 turns).

hilaritas the Bolt Thrower (Barachi Hunter)         Turns: 1030, Time: 00:02:19

Health: -2/28      AC:  5    Str: 14    XL:     3   Next: 29%
Magic:  3/3        EV: 11    Int: 11    God:
Gold:   34         SH:  0    Dex: 12    Spells: 2/2 levels left

rFire    . . .     SeeInvis .   a - +1 hand crossbow
rCold    . . .     Gourm    .   (no shield)
rNeg     . . .     Faith    .   m - +0 ring mail
rPois    .         Spirit   .   (no helmet)
rElec    .         Reflect  .   (no cloak)
rCorr    .         Harm     .   (no gloves)
MR       .....                  (no boots)
Stlth    +.........             (no amulet)
Regen    0.1/turn               (no ring)
MPRegen  0.1/turn               (no ring)

@: slow
A: +LOS, swims, slowness 1, strong legs 1
a: Hop


You were on level 2 of the Dungeon.
You were not hungry.

You visited 1 branch of the dungeon, and saw 2 of its levels.

You collected 34 gold pieces.

Inventory:

Hand Weapons
 a - a +1 hand crossbow (weapon)
 b - a +0 short sword
Missiles
 d - 32 bolts (quivered)
Armour
 c - a +0 leather armour
 m - a +0 ring mail (worn)
Jewellery
 k - a cursed ring of loudness {unknown}
 o - an uncursed ring of protection from cold {unknown}
Scrolls
 e - a scroll of teleportation {unknown}
 g - 2 scrolls of identify {unknown}
 i - a scroll of magic mapping {unknown}
 j - a scroll of blinking {unknown}
Potions
 h - a potion of berserk rage {unknown}
 l - a potion of brilliance {unknown}
Comestibles
 f - a bread ration
 n - a royal jelly
 p - 2 chunks of flesh


   Skills:
 + Level 2.6 Fighting
 * Level 5.0 Crossbows
 - Level 2.1 Dodging
 - Level 0.8 Stealth


You had 2 spell levels left.
You didn't know any spells.

Dungeon Overview and Level Annotations

Branches:
Dungeon (2/15)

Altars:


Innate Abilities, Weirdness & Mutations

Shadows flee at your approach. (+LOS)
You can swim through water.
You cover ground slowly.
You can hop short distances.


Message History

Your Crossbows skill increases to level 5!
The gnoll hits you from afar with a spear. x2
Firing (i - inventory):
d - 34 bolts (quivered)
Press: ? - help, Shift-Dir - straight line, f - gnoll
Aim: a gnoll, wielding a spear You shoot a bolt.
The bolt hits the gnoll!
The gnoll is severely wounded.
The gnoll hits you.
* * * LOW HITPOINT WARNING * * *
The gnoll hits you from afar with a spear.
* * * LOW HITPOINT WARNING * * *
The gnoll closely misses you.
The rat twitches its whiskers.
Firing (i - inventory):
d - 33 bolts (quivered)
Press: ? - help, Shift-Dir - straight line, f/p - gnoll
Aim: a gnoll, wielding a spear You shoot a bolt.
The bolt barely misses the gnoll.
The bolt hits the gnoll.
The gnoll is moderately wounded.
The gnoll hits you from afar with a spear!
You die...

#.# #.#.####.## #.#
#.#.#
####.###.#.####.##.#.
#........#..<........
#........######.##.##
#........# .#
#........# .#
#.......#######.#
#...............#
#...............#
##############@## #g#
#.....grr..g..(.
#.#####..##.#(#. ...#
##.# .. (# .. ..


You could see 2 gnolls and 2 rats.

Vanquished Creatures
  A gnoll (D:2)
  A worm (D:2)
  2 giant cockroaches
  2 goblins (D:1)
  4 hobgoblins
  4 kobolds (D:1)
  A bat (D:1)
  3 frilled lizards
  3 rats (D:1)
21 creatures vanquished.

Vanquished Creatures (others)
  7 toadstools (D:1)
7 creatures vanquished.

Grand Total: 28 creatures vanquished

Notes
Turn   | Place    | Note
-------+----------+-------------------------------------------
     0 | D:1      | hilaritas the Barachi Hunter began the quest for the Orb.
     0 | D:1      | Reached XP level 1. HP: 17/17 MP: 1/1
   349 | D:1      | Reached XP level 2. HP: 23/23 MP: 2/2
  1025 | D:2      | Reached XP level 3. HP: 23/28 MP: 3/3
  1028 | D:2      | Reached skill level 5 in Crossbows
  1030 | D:2      | Slain by a gnoll

Skill      XL: |  1  2  3 |
---------------+----------+-----
Crossbows      | 5 |  5.0
Fighting       | |  2.6
Dodging        | |  2.1
Stealth        | |  0.8

Action                   || total
-------------------------++-------
Melee: Short sword       ||    38
 Fire: Hand crossbow     ||    29
  Eat: Chunk             ||     1
Armor: Leather armour    ||     6
       Ring mail         ||    10
Dodge: Dodged            ||    19
